 Dungeon Crawl Stone Soup version 0.18.1-6-gd335043 (webtiles) character file.

11362 Liquid the Unseen (level 11, -12/100 HPs)
             Began as a Naga Gladiator on May 19, 2016.
             Was a High Priest of Makhleb.
             Mangled by an orc knight
             ... wielding a +0 halberd
              (16 damage)
             ... in a bailey.
             The game lasted 00:33:24 (7421 turns).

Liquid the Unseen (Naga Gladiator)                  Turns: 7421, Time: 00:33:25

Health: -12/100    AC: 14    Str: 20    XL:     11   Next: 76%
Magic:  11/11      EV:  9    Int: 11    God:    Makhleb [*****.]
Gold:   258        SH: 11    Dex: 22    Spells: 0 memorised, 10 levels left

rFire  . . .     SeeInvis +     k - +6 dagger of Favoposy {flame, +Fly Dex+4}
rCold  . . .     Gourm    .     Q - +2 scale mail {MR+}
rNeg   . . .     Faith    .     v - +1 shield {reflect}
rPois  +         Spirit   .     c - +0 helmet
rElec  .         Dismiss  .     h - +0 cloak
rCorr  .         Reflect  +     l - +2 pair of gloves {Dex+3}
SustAt .         Harm     .     (no barding)
MR     ++...                    (no amulet)
Stlth  +++++++...               L - ring of stealth
                                O - +3 ring of intelligence

@: very slightly contaminated, hasted, invisible, quick, very resistant to
hostile enchantments, extremely stealthy
A: see invisible, deformed body, poison resistance, slowness 2, slow metabolism
1, spit poison 2, strong 1, AC +3
a: Spit Poison, Minor Destruction, Lesser Servant of Makhleb, Major Destruction,
Greater Servant of Makhleb, Renounce Religion, Evoke Flight


You were in a bailey.
You worshipped Makhleb.
Makhleb was extremely pleased with you.
You were not hungry.

You visited 1 branch of the dungeon, and saw 9 of its levels.
You also visited: Ossuary and Bailey.

You collected 457 gold pieces.
You spent 199 gold pieces at shops.

Inventory:

Hand Weapons
 k - the +6 dagger of Favoposy (weapon) {flame, +Fly Dex+4}
   (You found it on level 4 of the Dungeon)

   It has been specially enchanted to burn those struck by it, causing extra
   injury to most foes and up to half again as much damage against particularly
   susceptible opponents.
   It affects your dexterity (+4).
   It lets you fly.
 y - a +0 blowgun
 P - a +1 scimitar
Missiles
 d - 4 throwing nets (quivered)
 i - 8 needles of confusion
Armour
 c - a +0 helmet (worn)
 h - a +0 cloak (worn)
 l - a +2 pair of gloves of dexterity (worn)
 v - a +1 shield of reflection (worn)
 Q - a +2 scale mail of magic resistance (worn)
Jewellery
 e - an uncursed ring of fire
 u - the amulet "Epnuely" {Inacc +Blink MP-9 Int+8}
   (You bought it in a shop on level 4 of the Dungeon)

   [amulet of inaccuracy]

   It reduces the accuracy of all your attacks.
   It affects your intelligence (+8).
   It affects your magic capacity (-9).
   It lets you blink.
 x - an uncursed amulet of dismissal
 L - a ring of stealth (right hand)
 O - a +3 ring of intelligence (left hand)
Wands
 b - a wand of paralysis (13/24)
 C - a wand of disintegration (19/24)
 N - a wand of disintegration (14/24)
Scrolls
 g - a scroll of enchant weapon
 o - a scroll of identify
 r - a scroll of teleportation
 s - 2 scrolls of fog
 t - a scroll of remove curse
 B - a scroll of enchant armour
 I - a scroll of immolation
Potions
 j - 2 potions of cure mutation
 n - 2 potions of degeneration
 p - a potion of cancellation
 q - 8 potions of curing
 D - 2 potions of agility
 F - 3 potions of lignification
 G - 3 potions of heal wounds
 H - a potion of flight
 J - a potion of might
 K - a potion of brilliance
Books
 m - a Necronomicon

   Spells                             Type                      Level
   a - Haunt                          Necromancy/Summoning         7
   b - Borgnjor's Revivification      Necromancy                   8
   c - Death's Door                   Charms/Necromancy            8
   d - Necromutation                  Transmutation/Necromancy     8
 z - a book of Maledictions

   Spells                             Type                      Level
   a - Corona                         Hexes                        1
   b - Ensorcelled Hibernation        Hexes/Ice                    2
   c - Confuse                        Hexes                        3
   d - Tukima's Dance                 Hexes                        3
   e - Dazzling Spray                 Conjuration/Hexes            3
 E - a book of Clouds

   Spells                             Type                      Level
   a - Mephitic Cloud                 Conjuration/Poison/Air       3
   b - Conjure Flame                  Conjuration/Fire             3
   c - Poisonous Cloud                Conjuration/Poison/Air       6
   d - Freezing Cloud                 Conjuration/Ice/Air          6
   e - Ring of Flames                 Charms/Fire                  7
Comestibles
 f - 7 bread rations
 w - 5 meat rations
 M - 18 fruits
 R - 6 slices of pizza


   Skills:
 + Level 7.2 Fighting
 - Level 1.4(6.4) Short Blades
 * Level 9.9 Long Blades
 - Level 1.7 Throwing
 + Level 3.1 Armour
 + Level 4.1 Dodging
 - Level 16.5 Stealth
 + Level 4.3 Shields


You had 10 spell levels left.
You didn't know any spells.

Dungeon Overview and Level Annotations

Branches:
Dungeon (9/15)             Temple (0/1) D:7            Lair (0/8) D:9
    Orc: D:9-12

Altars:
Cheibriados
Dithmenos
Elyvilon
Fedhas
Makhleb
Okawaru
Qazlal
Ru
Sif Muna
Vehumet
Xom
The Shining One

Shops:
D:4 *


Innate Abilities, Weirdness & Mutations

You cannot wear boots.
Your serpentine skin is tough (AC +3).
You have supernaturally acute eyesight.
Armour fits poorly on your strangely shaped body.
Your system is resistant to poisons.
You cover ground very slowly.
You have a slow metabolism.
You can spit poison.
Your muscles are strong. (Str +2)


Message History

You block the orc warrior's attack.
You hit the orc knight but do no damage.
The orc knight is severely wounded.
You block the orc warrior's attack. You block the orc's attack.
Unknown command.
Your shield and scale mail prevent you from hitting the orc knight.
The orc knight is severely wounded.
The orc warrior no longer looks unusually strong.
The orc knight hits you with a halberd! The orc barely misses you.
You block the orc warrior's attack. The orc warrior barely misses you.
The orc knight hits you with a halberd!!
* * * LOW HITPOINT WARNING * * *
Read which item? (? for menu, Esc to quit)
Okay, then.
Drink which item? (? for menu, Esc to quit)
You feel yourself speed up. The orc barely misses you.
You block the orc's attack. The orc knight barely misses you.
The orc warrior closely misses you. The orc warrior barely misses you.
The orc knight hits you from afar with a halberd!
You die...

#.....#
#.....#
##'''##
##.....##
#...)...#
#...).).#
#...)oo.#
#...ooo.#
#..@.o..#
##.....##
#+++++#


You could see 2 orc knights, 2 orc warriors and 2 orcs.

Vanquished Creatures
  A hydra (D:8)
  A two-headed ogre (D:8)
  2 yaks (D:8)
  A wyvern (D:8)
  2 ice beasts
  3 orc warriors
  2 phantoms
  The ghost of Liquid the Slasher, an amateur NaGl of Gozag (D:4)
  A necrophage (D:6)
  3 ogres
  2 centaurs (D:5)
  3 big kobolds (D:8)
  4 giant frogs
  A wyvern skeleton (D:8)
  2 scorpions (D:5)
  6 killer bees (D:8)
  13 wights
  3 howler monkeys (D:7)
  2 crimson imps (D:8)
  A wasp zombie (D:8)
  5 orc priests
  4 hounds
  8 orc wizards
  Terence (D:3)
  A giant frog skeleton (D:4)
  Ijyb (D:3)
  3 iguanas
  6 worker ants
  2 sheep (D:8)
  A hound zombie (D:6)
  13 mummies (Ossuary)
  6 gnolls (D:7)
  4 river rats (D:7)
  6 adders
  A shadow imp (D:8)
  An adder skeleton (D:4)
  2 worms
  2 dart slugs
  2 giant geckos
  37 orcs
  3 ball pythons
  3 bats
  4 giant cockroaches
  3 hobgoblins
  6 jackals
  3 quokkas
  A giant gecko zombie (D:5)
  4 giant newts
  3 gnoll skeletons (Ossuary)
  11 goblins
  A goblin skeleton (Ossuary)
  7 kobolds
  4 kobold skeletons (Ossuary)
  2 quokka skeletons
  A quokka zombie (D:6)
  4 rats
  11 rat skeletons (Ossuary)
231 creatures vanquished.

Vanquished Creatures (collateral kills)
  4 orc warriors (Bailey)
  16 orcs (Bailey)
20 creatures vanquished.

Vanquished Creatures (others)
  A centaur (D:5)
  2 plants (D:8)
3 creatures vanquished.

Grand Total: 254 creatures vanquished

Notes
Turn   | Place    | Note
--------------------------------------------------------------
     0 | D:1      | Liquid the Naga Gladiator began the quest for the Orb.
     0 | D:1      | Reached XP level 1. HP: 19/19 MP: 1/1
   388 | D:1      | Reached XP level 2. HP: 27/27 MP: 2/2
   660 | D:2      | Reached skill level 1 in Stealth
   711 | D:2      | Found a shimmering altar of Xom.
   711 | D:2      | Found a burning altar of Makhleb.
   739 | D:2      | Became a worshipper of Makhleb the Destroyer
   902 | D:2      | Reached XP level 3. HP: 33/33 MP: 3/3
  1440 | D:3      | Reached skill level 2 in Stealth
  1461 | D:3      | Noticed Terence
  1469 | D:3      | Killed Terence
  1469 | D:3      | Reached XP level 4. HP: 15/40 MP: 4/4
  1732 | D:3      | Found a shadowy altar of Dithmenos.
  1738 | D:3      | Found a deep blue altar of Sif Muna.
  1738 | D:3      | Found a glowing golden altar of the Shining One.
  1738 | D:3      | Found a snail-covered altar of Cheibriados.
  1742 | D:3      | Found an iron altar of Okawaru.
  1742 | D:3      | Found a white marble altar of Elyvilon.
  1743 | D:3      | Found a radiant altar of Vehumet.
  1790 | D:3      | Reached * piety under Makhleb
  2024 | D:3      | Noticed Ijyb
  2032 | D:3      | Killed Ijyb
  2032 | D:3      | Reached skill level 3 in Stealth
  2032 | D:3      | Reached XP level 5. HP: 46/49 MP: 5/5
  2408 | D:4      | Found a stormy altar of Qazlal.
  2410 | D:4      | Found a blossoming altar of Fedhas.
  2583 | D:4      | Noticed an ogre
  2610 | D:4      | Killed an ogre
  2610 | D:4      | Reached skill level 5 in Long Blades
  2610 | D:4      | Reached skill level 4 in Stealth
  2610 | D:4      | Reached XP level 6. HP: 56/56 MP: 6/6
  2851 | D:4      | Noticed an ice beast
  2883 | D:4      | Killed an ice beast
  2895 | D:4      | Got a crude dagger
  2896 | D:4      | Identified the +6 dagger of Favoposy {flame, +Fly Dex+4} (You found it on level 4 of the Dungeon)
  3000 | D:4      | Noticed Liquid's ghost (amateur NaGl)
  3011 | D:4      | Reached XP level 7. HP: 64/64 MP: 7/7
  3037 | D:4      | Killed Liquid's ghost
  3037 | D:4      | Reached skill level 5 in Stealth
  3038 | D:4      | Found Toit's Assorted Antiques.
  3046 | D:4      | Bought a shimmering diamond amulet for 105 gold pieces
  3046 | D:4      | Bought a runed shield for 94 gold pieces
  3046 | D:4      | Identified the amulet "Epnuely" {Inacc +Blink MP-9 Int+8} (You bought it in a shop on level 4 of the Dungeon)
  3479 | D:5      | Entered Level 5 of the Dungeon
  3638 | D:5      | Reached ** piety under Makhleb
  3654 | D:5      | Reached skill level 6 in Stealth
  3658 | D:5      | Reached XP level 8. HP: 73/73 MP: 8/8
  3864 | D:5      | Reached skill level 5 in Fighting
  3864 | D:5      | Reached skill level 7 in Stealth
  3906 | D:5      | Reached skill level 1 in Short Blades
  3926 | D:5      | Reached skill level 1 in Shields
  4245 | D:6      | Reached skill level 8 in Stealth
  4395 | D:6      | Reached XP level 9. HP: 81/81 MP: 9/9
  4433 | D:6      | Found a sacrificial altar of Ru.
  4940 | D:7      | Reached *** piety under Makhleb
  4973 | D:7      | Found a sand-covered staircase.
  4980 | Ossuary  | Entered an ossuary
  5298 | Ossuary  | Gained mutation: Your spells are a little harder to cast, but a little more powerful. [potion of mutation]
  5298 | Ossuary  | Lost mutation: Your spells are a little harder to cast, but a little more powerful. [potion of mutation]
  5298 | Ossuary  | Gained mutation: Your muscles are strong. (Str +2) [potion of mutation]
  5557 | D:7      | Reached skill level 9 in Stealth
  5563 | D:7      | Reached skill level 1 in Armour
  5567 | D:7      | Found a staircase to the Ecumenical Temple.
  5645 | D:7      | Reached **** piety under Makhleb
  6191 | D:8      | Found a shimmering altar of Xom.
  6284 | D:8      | Noticed a two-headed ogre
  6293 | D:8      | Killed a two-headed ogre
  6305 | D:8      | Reached XP level 10. HP: 75/91 MP: 10/10
  6569 | D:8      | Noticed a two-headed hydra
  6577 | D:8      | Reached ***** piety under Makhleb
  6587 | D:8      | Reached skill level 10 in Stealth
  6603 | D:8      | Killed a two-headed hydra
  7085 | D:9      | Found a flagged portal.
  7100 | Bailey   | Entered a bailey
  7393 | Bailey   | Reached skill level 16 in Stealth
  7393 | Bailey   | Reached XP level 11. HP: 100/100 MP: 11/11
  7400 | Bailey   | Noticed an orc knight
  7400 | Bailey   | Noticed an orc knight
  7418 | Bailey   | HP: 4/100 [orc knight/halberd (29)]
  7421 | Bailey   | Mangled by an orc knight

Skill      XL: |  1  2  3  4  5  6  7  8  9 10 |
---------------+-------------------------------+-----
Stealth        | 1 2 3 4 6 8 9 16 | 16.5
Long Blades    | 4 5 6 7 8 9 |  9.9
Fighting       | 3 4 5 6 7 |  7.2
Dodging        | 3 4 |  4.1
Short Blades   | 1 |  1.4
Shields        | 1 3 4 |  4.3
Armour         | 2 3 |  3.1
Throwing       | |  1.7

Action                   |  1- 3 |  4- 6 |  7- 9 | 10-12 || total
-------------------------+-------+-------+-------+-------++-------
Melee: Long sword        |    83 |    85 |       |       ||   168
       Dagger            |       |    15 |   376 |   233 ||   624
Throw: Throwing net      |       |     2 |       |       ||     2
Invok: Lesser Servant of |       |       |       |     4 ||     4
       Minor Destruction |       |       |       |     1 ||     1
 Abil: Spit Poison       |    11 |    22 |     6 |     8 ||    47
  Use: Scroll            |     5 |     5 |    12 |     4 ||    26
       Potion            |     1 |     6 |     1 |     4 ||    12
 Stab: Distracted        |     1 |       |     2 |     1 ||     4
       Sleeping          |     3 |     1 |    29 |       ||    33
       Paralysed         |       |       |     1 |       ||     1
       Invisible         |       |       |       |     3 ||     3
  Eat: Chunk             |     2 |     3 |     5 |     4 ||    14
       Meat ration       |       |     1 |       |       ||     1
       Fruit             |       |       |     1 |       ||     1
       Beef jerky        |       |       |     1 |       ||     1
Armor: Leather armour    |    17 |    45 |    67 |       ||   129
       Scale mail        |       |       |     2 |    65 ||    67
       Skin              |       |       |       |    54 ||    54
Dodge: Dodged            |    31 |    59 |    95 |    76 ||   261
Block: Shield            |       |       |   123 |   162 ||   285
       Reflection        |       |       |     1 |       ||     1
